 Dungeon Crawl Stone Soup version 0.26.0-10-g1f06aea511 (webtiles) character file.

Game seed: 13025112179282559370

175 Borgoz the Skirmisher (level 5, 0/33 HPs)
             Began as a Gargoyle Berserker on Jan 14, 2021.
             Was a Priest of Trog.
             Slain by an ice beast (9 damage)
             ... on level 4 of the Dungeon.
             The game lasted 00:04:00 (3063 turns).

Borgoz the Skirmisher (Gargoyle Berserker)          Turns: 3063, Time: 00:04:00

Health: 0/33       AC: 10    Str: 20    XL:     5   Next: 55%
Magic:  5/5        EV: 12    Int:  8    God:    Trog [***...]
Gold:   161        SH:  0    Dex: 10    Spells: 4/4 levels left

rFire    . . .     SeeInvis .   a - +0 falchion
rCold    . . .     Faith    .   (no shield)
rNeg     + . .     Spirit   .   e - +3 leather armour
rPois    ∞         Reflect  .   (no helmet)
rElec    +         Harm     .   (no cloak)
rCorr    .         Rampage  .   (no gloves)
Will     ++...                  (no boots)
Stlth    +.........             (no amulet)
HPRegen  1.11/turn              (no ring)
MPRegen  0.09/turn              (no ring)

@: berserk cooldown, regenerating, slowed, very slow
A: negative energy resistance 1, electricity resistance, unbreathing,
petrification resistance, miasma immunity, AC +4
a: Renounce Religion, Berserk, Trog's Hand


You were on level 4 of the Dungeon.
You worshipped Trog.
Trog was most pleased with you.
You visited 1 branch of the dungeon, and saw 4 of its levels.

You collected 161 gold pieces.

Inventory:

Hand Weapons
 a - a +0 falchion (weapon)
Armour
 e - a +3 leather armour (worn)
Wands
 j - a wand of iceblast (9)
Scrolls
 b - 7 scrolls of identify {unknown}
 c - 3 scrolls of teleportation {unknown}
 d - 2 scrolls of enchant armour {unknown}
 g - 2 scrolls of enchant weapon {unknown}
 h - 3 scrolls of random uselessness {unknown}
 i - a scroll of noise {unknown}
 k - a scroll of amnesia {unknown}
 m - a scroll of immolation {unknown}
 p - a scroll of blinking {unknown}
Potions
 f - 3 potions of magic {unknown}
 l - a potion of attraction {unknown}
 n - 5 potions of haste {unknown}
 o - a potion of curing {unknown}


   Skills:
 + Level 4.1 Fighting
 * Level 4.0 Long Blades
 + Level 3.4 Armour
 + Level 2.4 Dodging


You had 4 spell levels left.
You didn't know any spells.
Your spell library was empty.

Dungeon Overview and Level Annotations

Branches:
Dungeon (4/15)
 Temple: D:4-7

Altars:
Dithmenos
Ru
Xom


Innate Abilities, Weirdness & Mutations

You are resistant to torment.
Your stone body is resilient. (AC +4)
You are immune to poison.
You resist negative energy. (rN+)
You are resistant to electric shocks. (rElec)
You can survive without breathing.
You are immune to petrification.
You are immune to miasma.


Message History

The ice beast is severely wounded.
The ice beast hits you.
* * * LOW HITPOINT WARNING * * *
The ice beast freezes you.
* * * LOW HITPOINT WARNING * * *
The ice beast hits you but does no damage.
You hit the ice beast but do no damage.
The ice beast is severely wounded.
The ice beast barely misses you.
Okay, then.
Your skin crawls.
You feel strong-willed. The ice beast closely misses you.
You riposte.
You closely miss the ice beast.
The ice beast is severely wounded.
The ice beast hits you but does no damage.
The ice beast closely misses you. The ice beast hits you.
* * * LOW HITPOINT WARNING * * *
The ice beast freezes you!
You die...

# #.# ... #.#
#.# #.# #.# #.#
#.# #.# #.# #.#
#.# #.# #.# #.#
#Y# #.# #@# #.#
#.# #.# #.#
#.###########.#
#.............#
###############


You could see an ice beast.

Vanquished Creatures
  5 adders
  3 oozes
  4 worms (D:2)
  2 dart slugs
  2 leopard geckos
  11 orcs
  5 bats
  6 giant cockroaches
  5 hobgoblins
  7 jackals
  8 kobolds
  A quokka (D:4)
  2 ball pythons
  5 frilled lizards
  10 goblins
  10 rats
86 creatures vanquished.

Notes
Turn   | Place    | Note
-------+----------+-------------------------------------------
     0 | D:1      | Borgoz the Gargoyle Berserker began the quest for the Orb.
     0 | D:1      | Reached XP level 1. HP: 14/14 MP: 1/1
   100 | D:1      | Reached XP level 2. HP: 14/19 MP: 2/2
   616 | D:1      | Reached ** piety under Trog
   617 | D:1      | Reached XP level 3. HP: 23/23 MP: 3/3
  1088 | D:2      | Found a faded altar of an unknown god.
  1254 | D:2      | Reached XP level 4. HP: 24/29 MP: 4/4
  2065 | D:2      | Reached XP level 5. HP: 33/33 MP: 5/5
  2086 | D:2      | Found a sacrificial altar of Ru.
  2562 | D:3      | Reached *** piety under Trog
  2734 | D:3      | Found a shadowy altar of Dithmenos.
  2790 | D:3      | Found a shimmering altar of Xom.
  3042 | D:4      | Noticed an ice beast
  3063 | D:4      | Slain by an ice beast

Illustrated notes

Levels and vault maps discovered:
D:1:      dpeg_arrival_pits, layout_basic, minmay_misc_feat_pillars
D:2:      layout_loops_cross, chequers_ecumenical_altar_simple_redux,
          nicolae_ru_the_path_less_chosen
D:3:      layout_loops_corners, xom_teletrap_fun, grunt_dithmenos_smoke
D:4:      layout_basic, kennysheep_mini_moat

Skill      XL: |  1  2  3  4  5 |
---------------+----------------+-----
Long Blades    | 3 4 |  4.0
Dodging        | 2 |  2.4
Armour         | 3 |  3.4
Fighting       | 4 |  4.1

Action                   |  1- 3 |  4- 6 || total
-------------------------+-------+-------++-------
Melee: Falchion          |   122 |   148 ||   270
Invok: Berserk           |     1 |     1 ||     2
       Trog's Hand       |       |     1 ||     1
Armor: Animal skin       |    22 |       ||    22
       Leather armour    |    19 |    62 ||    81
Dodge: Dodged            |   102 |   122 ||   224
       Rpst.: Falchion   |    25 |    44 ||    69
